 Seeded DCSS version 0.27-a0-695-gb4952372f7 (webtiles) character file.

Game seed: 20210322 (custom seed)

7 Snicker the Sneak (level 1, 0/16 HPs)
             Began as a Demonspawn Brigand on Mar 22, 2021.
             Slain by a hobgoblin
             ... wielding a +0 club
              (6 damage)
             ... on level 1 of the Dungeon.
             The game lasted 00:01:20 (405 turns).

Snicker the Sneak (Demonspawn Brigand)               Turns: 405, Time: 00:01:20

Health: 0/16       AC:  3    Str: 11    XL:     1   Next: 91%
Magic:  1/1        EV: 11    Int: 12    God:
Gold:   10         SH:  0    Dex: 14    Spells: 0/0 levels left

rFire    . . .     SeeInvis .   a - +1 dagger (venom)
rCold    . . .     Faith    .   (no shield)
rNeg     . . .     Spirit   .   b - +0 robe
rPois    .         Reflect  .   (no helmet)
rElec    .         Harm     .   c - +0 cloak
rCorr    .         Rampage  .   (no gloves)
Will     .....                  (no boots)
Stlth    +++.......             g - amulet of magic regeneration
HPRegen  0.05/turn              j - ring of wizardry
MPRegen  0.32/turn              (no ring)

@: no status effects
A: no striking features
a: no special abilities


You were on level 1 of the Dungeon.
You visited 1 branch of the dungeon, and saw 1 of its levels.

You collected 10 gold pieces.

Inventory:

Hand Weapons
 a - a +1 dagger of venom (weapon)
 h - a +2 dagger
Missiles
 d - 8 poisoned darts (quivered)
 e - 2 curare-tipped darts
Armour
 b - a +0 robe (worn)
 c - a +0 cloak (worn)
Jewellery
 g - an amulet of magic regeneration (around neck)
 j - a ring of wizardry (right hand)
Scrolls
 k - a scroll of amnesia {unknown}
Potions
 f - a potion of flight {unknown}
 i - a potion of might {unknown}


   Skills:
 + Level 2.1 Fighting
 * Level 1.7 Short Blades
 + Level 1.7 Throwing
 + Level 1.0 Dodging
 * Level 4.0 Stealth


You couldn't memorise any spells.
You didn't know any spells.
Your spell library was empty.

Dungeon Overview and Level Annotations

Branches:
Dungeon (1/15)

Altars:


Message History

The goblin hits you but does no damage.
You hit the goblin.
You kill the goblin!
A goblin comes into view. It is wielding a +1 dagger of venom.
Found a dark potion.
A goblin is nearby!
A goblin is nearby!
Found a scratched sapphire ring.
The helpless goblin fails to defend itself.
You impale the goblin!!
You kill the goblin!
Your Stealth skill increases to level 4!
You see here a +1 dagger of venom.
h - a +1 dagger of venom Your +1 dagger of venom begins to drip with poison!
h - a +1 dagger of venom (weapon)
Unknown command.
Adjust to which letter? (? for menu, Esc to quit)
a - a +1 dagger of venom (weapon);
h - a +2 dagger
i - a dark potion
j - a ring of wizardry
j - a ring of wizardry (right hand)
Found 24 arrows.
k - a scroll labelled RITHRO ETUI
Found 13 bolts.
You now have 10 gold pieces.
A hobgoblin comes into view. It is wielding a +0 club.
The hobgoblin shouts!
A hobgoblin is nearby!
A hobgoblin is nearby!
A kobold comes into view.
The hobgoblin hits you with a +0 club.
The kobold shouts!
You hit the hobgoblin.
The hobgoblin is moderately wounded.
The hobgoblin hits you with a +0 club!
You hit the hobgoblin but do no damage.
The hobgoblin is poisoned.
The hobgoblin is moderately wounded.
The hobgoblin hits you with a +0 club.
You die...

###.#
###############....
..................#
....(.....#####.###
#########.# #.# #.#
#.# #.# #.#
##.##########.# #.#
#...Kg@.......# #.#
#..############
##+## #...# #...#
###...## #<......
####.......
#..........
+......⌠...


You could see a hobgoblin (very poisoned) and a kobold.

Vanquished Creatures
  2 hobgoblins (D:1)
  A frilled lizard (D:1)
  3 goblins (D:1)
  A rat (D:1)
7 creatures vanquished.

Notes
Turn   | Place    | Note
-------+----------+-------------------------------------------
     0 | D:1      | Snicker the Demonspawn Brigand began the quest for the Orb.
     0 | D:1      | Reached XP level 1. HP: 16/16 MP: 1/1
    64 | D:1      | Reached skill level 1 in Dodging
   302 | D:1      | Reached skill level 4 in Stealth
   405 | D:1      | Slain by a hobgoblin

Illustrated notes

Levels and vault maps discovered:
D:1:      minmay_arrival_cross, layout_loops_ring

Skill      XL: |  1 |
---------------+----+-----
Dodging        | 1 |  1.0
Stealth        | 4 |  4.0
Fighting       | |  2.1
Short Blades   | |  1.7
Throwing       | |  1.7

Action                   || total
-------------------------++-------
Melee: Dagger            ||    19
 Stab: Sleeping          ||     3
Armor: Robe              ||     1
Dodge: Dodged            ||     6

Table legend: (Time is in decaauts)
 A = Elapsed time spent in this place.
 B = Non-inter-level travel time spent in this place.
 C = Inter-level travel time spent in this place.
 D = Time resting spent in this place.
 E = Time spent auto-exploring this place.
 F = Levels seen in this place.
 G = Mean time per level.
                   A        B        C        D        E       F      G
               +--------+--------+--------+--------+--------+-----+--------+
         Total |    402 |    402 |      0 |      0 |    325 |   1 |  402.0 |
       Dungeon |    402 |    402 |      0 |      0 |    325 |   1 |  402.0 |
               +--------+--------+--------+--------+--------+-----+--------+

Top non-repeatable levels by time:
     D:1: 402 daAuts
